 Dungeon Crawl Stone Soup version 0.21-a0-38-g95c5c02 (webtiles) character file.

88678 seren the Slicer (level 15, -1/115 HPs)
             Began as a Vine Stalker Fighter on May 23, 2017.
             Was a Follower of Uskayaw.
             Slain by a shock serpent (11 damage)
             ... on level 1 of the Snake Pit on May 29, 2017.
             The game lasted 03:04:54 (26758 turns).

seren the Slicer (Vine Stalker Fighter)            Turns: 26758, Time: 03:04:56

Health: -1/115     AC: 20    Str: 28    XL:     15   Next: 94%
Magic:  0/22       EV: 19    Int: 10    God:    Uskayaw [*.....]
Gold:   1806       SH:  8    Dex: 17    Spells: 13/20 levels left

rFire    + . .     SeeInvis .   a - +4 rapier (speed)
rCold    . . .     Gourm    .   t - +1 buckler {AC+3}
rNeg     + . .     Faith    .   w - +3 ring mail {rF+}
rPois    +         Spirit   +   n - +2 helmet
rElec    .         Reflect  .   N - +0 cloak {rPois}
rCorr    .         Harm     .   x - +0 pair of gloves
MR       ++...                  q - +1 pair of boots
Stlth    ..........             E - amulet of regeneration
Regen    1.5/turn               X - ring "Wayseoj" {rN+ MR+ Str+3}
MPRegen  0.2/turn               p - +5 ring of evasion

@: berserking, very quick
A: fangs 3, regeneration 2, magic shield, antimagic bite, no potion heal 3, rot
immunity
a: Stomp, Renounce Religion


You were on level 1 of the Snake Pit.
You worshipped Uskayaw.
Uskayaw was aware of your devotion.
You were hungry.

You visited 6 branches of the dungeon, and saw 28 of its levels.
You also visited: Labyrinth and Sewer.

You collected 2296 gold pieces.
You spent 490 gold pieces at shops.

Inventory:

Hand Weapons
 a - a +4 rapier of speed (weapon)
 b - a +0 hunting sling
Missiles
 o - 604 stones
 I - 2 throwing nets (quivered)
 J - 154 sling bullets
Armour
 n - a +2 helmet (worn)
 q - a +1 pair of boots (worn)
 t - a +1 buckler of protection (worn)
 w - a +3 ring mail of fire resistance (worn)
 x - a +0 pair of gloves (worn)
 N - a +0 cloak of poison resistance (worn)
Jewellery
 g - an uncursed ring of protection from fire
 p - a +5 ring of evasion (right hand)
 E - an amulet of regeneration (around neck)
 O - an uncursed ring of protection from cold
 X - the ring "Wayseoj" (left hand) {rN+ MR+ Str+3}
   (You found it in a labyrinth)

   [ring of strength]

   It affects your strength (+3).
   It protects you from negative energy.
   It affects your resistance to hostile enchantments.
Wands
 m - a wand of clouds (9/9)
 H - a wand of flame (12/48)
 Q - a wand of acid (5/15)
 Z - a wand of scattershot (2/9)
Scrolls
 i - 3 scrolls of immolation
 k - 9 scrolls of remove curse
 r - 2 scrolls of recharging
 y - 12 scrolls of teleportation
 z - 2 scrolls of fear
 C - 4 scrolls of fog
 D - 2 scrolls of blinking
 S - 2 scrolls of identify
Potions
 c - a potion of might
 j - 3 potions of flight
 l - a potion of magic
 s - 9 potions of curing
 u - a potion of brilliance
 G - 2 potions of haste
 K - 3 potions of agility
 L - a potion of invisibility
 M - a potion of cancellation
 R - 2 potions of berserk rage
Comestibles
 d - 12 chunks of flesh
 f - 10 bread rations
 A - 30 fruits


   Skills:
 - Level 8.3 Fighting
 - Level 14.8 Short Blades
 + Level 10.3 Slings
 - Level 5.2 Armour
 - Level 4.4 Dodging
 - Level 12.3 Stealth
 - Level 9.2 Shields
 - Level 3.0 Spellcasting
 - Level 9.0 Invocations


You had 13 spell levels left.
You knew the following spells:

 Your Spells              Type           Power        Failure   Level  Hunger
a - Animate Skeleton      Necr           N/A          36%         1    #......
b - Summon Butterflies    Summ           #.......     36%         1    #......
c - Confusing Touch       Hex            #.....       36%         1    #......
p - Apportation           Tloc           #.....       36%         1    #......
r - Regeneration          Chrm/Necr      #.........   75%         3    ###....


Dungeon Overview and Level Annotations

Branches:
Dungeon (14/15)            Temple (1/1) D:5            Lair (6/6) D:10
 Shoals (4/4) Lair:3        Snake (1/4) Lair:3        Slime (0/5) Lair:5
    Orc (2/2) D:9             Elf (0/3) Orc:2        Vaults (0/5) D:13

Altars:
Ashenzari
Cheibriados
Dithmenos
Elyvilon
Fedhas
Gozag
Hepliaklqana
Kikubaaqudgha
Makhleb
Nemelex Xobeh
Okawaru
Qazlal
Ru
Sif Muna
Trog
Uskayaw
Vehumet
Wu Jian
Xom
Yredelemnul
Zin
The Shining One
Beogh

Shops:
D:4 (((%   D:8 %   D:9 *   D:13 %   Orc:2 ((!=   Shoals:3 *(

Portals:
Trove: D:10 (give 6 scrolls of blinking)

Annotations:
D:14 sponge's ghost, adept DrMo
Lair:1 exclusion: 2 oklob plants
Lair:2 exclusion: oklob plant
Lair:6 one book need wand of lightning
Shoals:2 Frances
Orc:1 finish part or orc1


Innate Abilities, Weirdness & Mutations

You have razor-sharp teeth.
You heal very quickly.
When hurt, damage is shared between your health and your magic reserves.
Your bite disrupts and absorbs the magic of your enemies.
Potions cannot restore your health.
You are immune to rotting.


Message History

There is a staircase back to the Lair here.
A red film seems to cover your vision as you go berserk!
You feel yourself moving faster!
You feel mighty!
The shock serpent shoots out a bolt of lightning at you!
The bolt of electricity hits you!
* * * LOW HITPOINT WARNING * * *
The bolt of electricity hits you!
* * * LOW HITPOINT WARNING * * *
The bolt of electricity hits the shock serpent.
The shock serpent completely resists.
The bolt of electricity hits your butterfly.
Your butterfly dies!
You miss the shock serpent.
The shock serpent hisses angrily.
Your bite misses the shock serpent.
The shock serpent is heavily wounded.
The shock serpent bites you.
* * * LOW HITPOINT WARNING * * *
The shock serpent shocks you!
You die...

###..#...#..#
#.###.....####.##
#.........[.....#
#..)...8b.......#.#
#..............≈≈.#
#.###b....####≈≈≈≈#
###..#...#+ ≈≈≈≈≈
#.S.#.b.# ≈≈;≈≈
#@.##...## ≈≈≈≈≈
####....)####≈≈≈≈≈
#.#..#...÷≈≈≈≈≈
+........%≈≈≈≈#
#.####.####≈≈.# #.
#.# .... #
#.######..
#......#..
.#########.#.#


You could see a shock serpent.

Vanquished Creatures
  Jorgrun (Shoals:2)
  Kirke (D:12)
  3 dire elephants (Lair:6)
  The ghost of Klosterheim the Destroyer, a journeyman DrCj of Sif Muna (Lair:5)
  A merfolk javelineer (Shoals:3)
  3 merfolk impalers
  A minotaur (Lab)
  Fannar (Lair:3)
  6 hydras
  A catoblepas (Lair:6)
  3 merfolk avatars
  2 centaur warriors (D:13)
  2 two-headed ogres
  2 anacondas
  2 dancing weapons (D:13)
  A satyr (Shoals:3)
  Urug (Lair:3)
  4 orc high priests (Orc:2)
  7 sea snakes
  A wolf spider zombie (D:13)
  4 harpies (Shoals:1)
  An orc sorcerer (Orc:2)
  4 fauns
  2 ugly things
  9 elephants
  12 manticores
  3 cyclopes
  2 merfolk sirens
  A naga mage (Snake:1)
  7 black mambas
  Joseph (D:10)
  4 centaur skeletons
  A vault sentinel (D:13)
  A gargoyle (D:12)
  4 water nymphs
  3 spiny frogs
  3 rime drakes
  10 komodo dragons
  4 red devils (D:13)
  A meliai (shapeshifter) (D:13)
  5 merfolk (Shoals:1)
  2 trolls
  22 blink frogs
  3 wind drakes
  6 slime creatures
  15 dream sheep
  2 snapping turtles
  9 hippogriffs
  A centaur simulacrum (D:13)
  A shadow (D:12)
  A wraith (D:10)
  A water elemental (Shoals:3)
  27 yaks
  2 wyverns (D:10)
  4 hogs (D:12)
  4 basilisks
  3 hungry ghosts
  3 wargs
  2 acid dragons
  4 nagas
  12 water moccasins
  7 porcupines
  23 orc warriors
  3 sky beasts
  A black bear (D:5)
  3 ice beasts
  3 phantoms
  2 eyes of draining
  8 ogres
  6 centaurs
  10 crocodiles
  6 big kobolds
  22 bullfrogs
  A wyvern skeleton (D:7)
  A water moccasin skeleton (D:9)
  7 scorpions
  A troll skeleton (Lab)
  8 wights
  3 killer bees (D:8)
  6 electric eels
  A howler monkey (D:11)
  A spriggan skeleton (Lab)
  6 crimson imps
  2 centaur zombies
  7 hounds
  A quasit (D:13)
  7 bullfrog skeletons
  2 bullfrog zombies
  26 orc wizards
  A gnoll shaman (D:4)
  27 orc priests
  Crazy Yiuf (D:2)
  8 jellies
  An iguana (D:9)
  5 worker ants
  2 killer bee zombies
  A worker ant zombie (D:5)
  8 gnolls
  3 river rats (Sewer)
  9 adders
  6 shadow imps
  5 oozes
  3 adder skeletons
  An adder zombie (D:8)
  4 worms (Sewer)
  2 dart slugs (D:1)
  7 leopard geckos
  90 orcs
  A ball python (Sewer)
  9 bats
  6 giant cockroaches
  5 goblins (D:1)
  5 hobgoblins
  7 jackals
  A quokka (D:9)
  6 frilled lizards
  32 kobolds
  A quokka skeleton (D:8)
  3 quokka zombies
  15 rats
  6 plants
705 creatures vanquished.

Vanquished Creatures (others)
  A black mamba (Snake:1)
  A komodo dragon (Lair:5)
  An orc wizard (Orc:2)
  4 fungi
  10 plants
17 creatures vanquished.

Grand Total: 722 creatures vanquished

Notes
Turn   | Place    | Note
-------+----------+-------------------------------------------
     0 | D:1      | seren the Vine Stalker Fighter began the quest for the Orb.
     0 | D:1      | Reached XP level 1. HP: 11/11 MP: 2/2
    55 | D:1      | Reached skill level 2 in Short Blades
    95 | D:1      | Reached XP level 2. HP: 16/16 MP: 3/3
   347 | D:1      | Reached skill level 3 in Short Blades
   402 | D:1      | Reached XP level 3. HP: 19/19 MP: 4/4
   460 | D:1      | Found a snail-covered altar of Cheibriados.
   832 | D:2      | Found a runed door.
   887 | D:2      | Found a hide-covered altar of Uskayaw.
   895 | D:2      | Became a worshipper of Uskayaw the Reveler
  1028 | D:2      | Found a shadowy altar of Dithmenos.
  1307 | D:2      | Reached * piety under Uskayaw
  1547 | D:3      | Reached ** piety under Uskayaw
  1549 | D:3      | Gained mutation: Your natural rate of healing is unusually fast. [Vine Stalker growth]
  1549 | D:3      | Reached XP level 4. HP: 20/23 MP: 3/5
  1549 | D:3      | Reached *** piety under Uskayaw
  1647 | D:3      | Reached skill level 4 in Short Blades
  1907 | D:4      | Found Miteg's Antique Weapon Emporium.
  1956 | D:4      | Noticed an ogre
  1998 | D:4      | Found Uklul's Food Emporium.
  2047 | D:4      | Found Ciwocani's Antique Weapon Shop.
  2199 | D:3      | Reached XP level 5. HP: 27/27 MP: 6/6
  2206 | D:4      | Killed an ogre
  2206 | D:4      | Reached skill level 5 in Short Blades
  2235 | D:4      | Found Etties's Weapon Shoppe.
  2272 | D:4      | Reached XP level 6. HP: 32/32 MP: 7/7
  2509 | D:5      | Entered Level 5 of the Dungeon
  2543 | D:5      | Noticed an ice beast
  2554 | D:5      | Killed an ice beast
  2554 | D:5      | Reached skill level 6 in Short Blades
  2555 | D:5      | Found a staircase to the Ecumenical Temple.
  2599 | D:5      | Reached XP level 7. HP: 7/35 MP: 8/8
  2873 | D:5      | Reached skill level 7 in Short Blades
  3221 | Temple   | Entered the Ecumenical Temple
  3379 | D:6      | Reached skill level 8 in Short Blades
  3379 | D:6      | Reached **** piety under Uskayaw
  3467 | D:6      | Gained mutation: You have razor-sharp teeth. [Vine Stalker growth]
  3467 | D:6      | Reached XP level 8. HP: 31/39 MP: 9/9
  3767 | D:6      | Reached skill level 9 in Short Blades
  3778 | D:6      | Found a glowing drain.
  3788 | Sewer    | Entered a sewer
  4370 | D:6      | Learned a level 1 spell: Animate Skeleton
  4372 | D:6      | Learned a level 1 spell: Apportation
  4374 | D:6      | Learned a level 1 spell: Confusing Touch
  4509 | D:6      | Reached skill level 10 in Short Blades
  4511 | D:6      | Found a stormy altar of Qazlal.
  4747 | D:7      | Reached XP level 9. HP: 43/43 MP: 10/10
  4989 | D:7      | Found a sacrificial altar of Ru.
  5168 | D:7      | Upgraded the game from 0.21-a0-15-g606531c to 0.21-a0-19-g210df22
  5445 | D:7      | Reached skill level 11 in Short Blades
  5638 | D:4      | Bought a runed rapier for 175 gold pieces
  6043 | D:8      | Noticed a manticore
  6045 | D:8      | Found a glowing golden altar of the Shining One.
  6395 | D:8      | Found Beuschan's Food Boutique.
  6673 | D:9      | Reached skill level 12 in Short Blades
  6688 | D:9      | Found an ornate altar of the Wu Jian Council.
  6689 | D:9      | Found a basalt altar of Yredelemnul.
  7038 | D:9      | Reached XP level 10. HP: 47/47 MP: 11/11
  7051 | D:9      | Found Xeruuze's Assorted Antiques.
  7225 | D:9      | Reached skill level 1 in Dodging
  7620 | D:9      | Found a roughly hewn altar of Beogh.
  7620 | D:9      | Found a staircase to the Orcish Mines.
  8136 | D:10     | Entered Level 10 of the Dungeon
  8187 | D:10     | Noticed Joseph
  8350 | D:10     | Found a staircase to the Lair.
  8400 | Lair:1   | Entered Level 1 of the Lair of Beasts
  8848 | D:10     | Killed Joseph
  9092 | D:10     | Found a portal to a secret trove of treasure.
  9128 | D:10     | Reached skill level 5 in Fighting
  9243 | D:10     | Reached XP level 11. HP: 49/55 MP: 10/12
  9388 | D:10     | Reached skill level 5 in Shields
  9642 | D:11     | Noticed a two-headed ogre
  9665 | D:10     | Killed a two-headed ogre
  9785 | D:11     | Noticed a brown ugly thing
  9811 | D:11     | Killed a brown ugly thing
  9936 | D:11     | Noticed a seven-headed hydra
 10142 | Lair:1   | Reached skill level 5 in Armour
 10231 | Lair:1   | Reached ***** piety under Uskayaw
 10315 | Lair:1   | Noticed Fannar
 10390 | Lair:1   | Reached skill level 1 in Invocations
 10505 | Lair:1   | Noticed a four-headed hydra
 10517 | Lair:1   | Killed a four-headed hydra
 10697 | Lair:1   | Reached skill level 5 in Invocations
 10954 | Lair:1   | Noticed an oklob plant
 10954 | Lair:1   | Noticed an oklob plant
 11348 | Lair:2   | Noticed an oklob plant
 11450 | Lair:2   | Gained mutation: You heal very quickly. [Vine Stalker growth]
 11450 | Lair:2   | Reached XP level 12. HP: 61/61 MP: 17/17
 11984 | Lair:2   | Upgraded the game from 0.21-a0-19-g210df22 to 0.21-a0-37-g7dc85f4
 12005 | Lair:3   | Noticed Urug
 12020 | Lair:3   | Killed Urug
 12188 | Lair:3   | Found a staircase to the Shoals.
 12224 | Lair:3   | Noticed an eight-headed hydra
 12665 | Lair:3   | Found a staircase to the Snake Pit.
 12962 | Lair:3   | Killed Fannar
 13991 | Lair:4   | Reached skill level 13 in Short Blades
 14112 | Lair:4   | Noticed a four-headed hydra
 14126 | Lair:4   | Killed a four-headed hydra
 14176 | Lair:4   | Reached XP level 13. HP: 68/68 MP: 20/20
 15051 | Lair:5   | Learned a level 3 spell: Regeneration
 15377 | Lair:5   | Noticed Klosterheim's ghost (journeyman DrCj)
 15460 | Lair:6   | Entered Level 6 of the Lair of Beasts
 15625 | Lair:5   | Reached skill level 14 in Short Blades
 15644 | Lair:5   | Killed Klosterheim's ghost
 15654 | Lair:5   | Reached ****** piety under Uskayaw
 15689 | Lair:5   | Found a staircase to the Slime Pits.
 16359 | Lair:6   | Reached skill level 1 in Stealth
 17908 | D:12     | Reached skill level 5 in Stealth
 18021 | D:12     | Noticed Kirke
 18041 | D:12     | Killed Kirke
 18041 | D:12     | Reached XP level 14. HP: 73/73 MP: 21/21
 18675 | Orc:1    | Entered Level 1 of the Orcish Mines
 18759 | Orc:2    | Entered Level 2 of the Orcish Mines
 18765 | Orc:2    | Found a labyrinth entrance.
 18774 | Lab      | Entered a labyrinth
 19461 | Lab      | Identified the Papyrus of the Serpent
 19462 | Lab      | Got a flickering jade ring
 19496 | Lab      | Learned a level 1 spell: Summon Butterflies
 19597 | Orc:2    | Found a staircase to the Elven Halls.
 19693 | Orc:1    | Noticed an orc warlord
 19727 | Orc:2    | Identified the ring "Wayseoj" {rN+ MR+ Str+3} (You found it in a labyrinth)
 20336 | Orc:2    | Found a roughly hewn altar of Beogh.
 20615 | Orc:2    | Found Bagiwam's Distillery.
 20615 | Orc:2    | Found Soahauff's Jewellery Shoppe.
 20622 | Orc:2    | Found Zaocil's Antique Weapon Emporium.
 20638 | Orc:2    | Found Mediacw's Antique Weapon Emporium.
 20647 | Orc:2    | Bought a potion of flight for 45 gold pieces
 20647 | Orc:2    | Bought a potion of agility for 60 gold pieces
 20647 | Orc:2    | Bought a potion of degeneration for 15 gold pieces
 20650 | Orc:2    | Bought a potion of cancellation for 120 gold pieces
 20650 | Orc:2    | Bought a potion of berserk rage for 75 gold pieces
 21842 | Lair:6   | Noticed a dire elephant
 21865 | Lair:6   | Killed a dire elephant
 21878 | Lair:6   | Noticed a dire elephant
 21878 | Lair:6   | Noticed a dire elephant
 22075 | Lair:1   | Upgraded the game from 0.21-a0-37-g7dc85f4 to 0.21-a0-38-g95c5c02
 22264 | D:13     | Reached skill level 1 in Slings
 22338 | D:13     | Found Reyneet's Food Shop.
 22537 | D:13     | Reached skill level 10 in Stealth
 22843 | D:13     | Found a gate to the Vaults.
 23265 | D:14     | Noticed sponge's ghost (adept DrMo)
 23546 | D:2      | Noticed Crazy Yiuf
 23550 | D:2      | Killed Crazy Yiuf
 23845 | Lair:1   | Reached XP level 15. HP: 66/77 MP: 22/22
 24008 | Lair:6   | Reached skill level 5 in Slings
 24197 | Shoals:1 | Entered Level 1 of the Shoals
 24390 | Shoals:1 | Reached skill level 1 in Spellcasting
 24981 | Shoals:2 | Noticed Jorgrun
 25003 | Shoals:2 | Noticed Frances
 25285 | Shoals:2 | Killed Jorgrun
 25328 | Shoals:3 | Found Duetoise's Assorted Antiques.
 25821 | Shoals:3 | Found Pomit's Weapon Boutique.
 26064 | Shoals:4 | Entered Level 4 of the Shoals
 26541 | Snake:1  | Entered Level 1 of the Snake Pit
 26605 | Snake:1  | Reached skill level 10 in Slings
 26758 | Snake:1  | Slain by a shock serpent

Vault maps used:
D:1:      dpeg_arrival_subterranean_lakeside_camping, cheibriados_altar_1
D:2:      eat_drink_and_be_merry_uskayaw, lemuel_statue_altar,
          uniq_crazy_yiuf_cottage
D:3:      first_bread
D:4:      serial_shops, kennysheep_little_box, shop, nicolae_shop_stone,
          nicolae_shop_overgrown_old_shop
D:5:      minmay_temple_entry_glass, minivault_27
D:6:      marbit_many_paths, cheibrodos_sewer_entry_drain
D:7:      nicolae_ru_awakened_eye, eino_small_chamber_without_monster
D:8:      gammafunk_temple_overflow_arena, serial_shops, shop
D:9:      gammafunk_temple_overflow_statue, david_orc_5, serial_shops,
          nicolae_shop_stone
D:10:     david_lair_shrubbed, enter_trove_3, uniq_joseph
D:12:     blue_anna_alchemist, minmay_misc_feat_four_crosses,
          minmay_misc_feat_rows, uniq_kirke
D:13:     erik_vaults_1, serial_shops, kennysheep_mini, grunt_decor_arrowhead,
          hangedman_weighted_door, einodemon_armed_red_devil_minivault
D:14:     basic_altar, uniq_snorg
Temple:   lightli_temple_of_artemis
Lair:1:   dpeg_oklob_gauntlet, minmay_holes, grunt_megastairs_1, uniq_fannar
Lair:2:   minivault_25, minivault_25, serial_bayou_shore_a,
          minmay_lair_oklob_chamber
Lair:3:   shoals_dummy_entry, guppyfry_snake_entry_island, uniq_urug
Lair:4:   minmay_guarded_unrand_snakebite
Lair:5:   nicolae_slime_entry_slimehenge, serial_bayou_shore_b
Lair:6:   due_jungle_book, infiniplex_staircase_pool
Shoals:2: uniq_jorgrun, uniq_frances
Shoals:3: serial_shops, shop_statue, nicolae_shoals_c_island
Shoals:4: shoals_end_hangedman, shoal_ilsuiw
Snake:1:  cheibrodos_forgotten_conduit, serial_bayou_pond_a, grunt_ministairs_6
Orc:1:    enter_bailey_7
Orc:2:    st_orc_mages, basic_altar, lab_entry_generic
Lab:      nicolae_lab_checkerboard
Sewer:    sewer_co_tree

Skill      XL: |  1  2  3  4  5  6  7  8  9 10 11 12 13 14 15 |
---------------+----------------------------------------------+-----
Short Blades   | 2 3 4 5 6 8 10 12 13 14 | 14.8
Fighting       | 5 6 8 |  8.3
Dodging        | 3 4 |  4.4
Shields        | 4 5 7 9 |  9.2
Armour         | 4 5 |  5.2
Invocations    | 6 9 |  9.0
Stealth        | 6 11 12 | 12.3
Slings         | 4 10 | 10.3
Spellcasting   | 3 |  3.0

Action                   |  1- 3 |  4- 6 |  7- 9 | 10-12 | 13-15 || total
-------------------------+-------+-------+-------+-------+-------++-------
Melee: Rapier            |    98 |   146 |   210 |   118 |  1545 ||  2117
       Bite              |    13 |    48 |   207 |   374 |   612 ||  1254
       Whip              |       |       |    17 |       |       ||    17
       Short sword       |       |       |   345 |   517 |       ||   862
       Dagger            |       |       |       |   333 |       ||   333
 Fire: Hunting sling     |       |       |    34 |    44 |   104 ||   182
 Cast: Summon Butterflie |       |       |       |       |     2 ||     2
       Apportation       |       |       |       |       |     1 ||     1
Invok: Stomp             |       |     1 |       |       |     2 ||     3
       Line Pass         |       |     2 |     5 |    15 |    20 ||    42
       Grand Finale      |       |       |       |       |     1 ||     1
Evoke: Wand              |       |       |       |       |     4 ||     4
  Use: Scroll            |       |     3 |     2 |     8 |    17 ||    30
       Potion            |       |     1 |       |     3 |     2 ||     6
 Stab: Paralysed         |       |     4 |     7 |    27 |    74 ||   112
       Confused          |       |       |     4 |     6 |    11 ||    21
       Invisible         |       |       |       |     2 |       ||     2
       Petrified         |       |       |       |       |     2 ||     2
       Sleeping          |       |       |       |       |    17 ||    17
       Distracted        |       |       |       |       |     3 ||     3
  Eat: Chunk             |     2 |     4 |    18 |    30 |    43 ||    97
       Royal jelly       |       |       |       |       |     1 ||     1
       Fruit             |       |       |       |       |     3 ||     3
Armor: Scale mail        |    39 |    18 |       |       |       ||    57
       Ring mail         |       |    29 |    91 |   104 |   174 ||   398
Dodge: Dodged            |    18 |    48 |   164 |   250 |   383 ||   863
Block: Shield            |    55 |    71 |   151 |   230 |   164 ||   671
       Buckler           |       |       |       |       |   124 ||   124
